 Dungeon Crawl Stone Soup version 0.28.0 (webtiles) character file.

Game seed: 9572444199436063167

7 jfcaron the Caller (level 2, -1/16 HPs)
             Began as a Tengu Summoner on Feb 12, 2022.
             Slain by a jackal (2 damage)
             ... on level 1 of the Dungeon.
             The game lasted 00:00:53 (294 turns).

jfcaron the Caller (Tengu Summoner)                  Turns: 294, Time: 00:00:54

Health: -1/16      AC:  2    Str:  8    XL:     2   Next: 0%
Magic:  5/6        EV: 12    Int: 15    God:
Gold:   26         SH:  0    Dex: 14    Spells: 4/5 levels left

rFire   . . .      SeeInvis .   c - +0 dagger
rCold   . . .      Faith    .   (no shield)
rNeg    . . .      Spirit   .   a - +0 robe
rPois   .          Reflect  .   (helmet restricted)
rElec   +          Harm     .   (no cloak)
rCorr   .          Rampage  .   (no gloves)
Will    .....                   (boots unavailable)
Stlth   ++........              (no amulet)
HPRegen 0.05/turn               (no ring)
MPRegen 0.10/turn               (no ring)

@: no status effects
A: beak, talons 3, mutation resistance 1, robust 1, electricity resistance
a: no special abilities


You were on level 1 of the Dungeon.
You visited 1 branch of the dungeon, and saw 1 of its levels.

You collected 26 gold pieces.

Inventory:

Hand Weapons
 c - a +0 dagger (weapon)
Missiles
 e - 19 stones
Armour
 a - a +0 robe (worn)
Scrolls
 d - 2 scrolls of blinking {unknown}


   Skills:
 + Level 2.4 Dodging
 + Level 2.1 Stealth
 + Level 2.1 Spellcasting
 + Level 4.9 Summonings


You had 4 spell levels left.
You knew the following spells:

 Your Spells              Type           Power      Damage    Failure   Level
a - Summon Small Mammal   Summ           64%        N/A       2%          1

Your spell library contained the following spells:

 Spells                   Type           Power      Damage    Failure   Level
 Call Imp                 Summ           16%        N/A       4%          2
 Call Canine Familiar     Summ           16%        N/A       9%          3
 Summon Guardian Golem    Hex/Summ       9%         N/A       24%         3
 Summon Lightning Spire   Summ/Air       9%         N/A       61%         4


Dungeon Overview and Level Annotations

Branches:
Dungeon (1/15)

Altars:


Innate Abilities, Weirdness & Mutations

You have a beak for a mouth.
You have claws for feet.
You are somewhat resistant to further mutation.
You are robust. (+10% HP)
You are resistant to electric shocks. (rElec)


Message History

The jackal bites you but does no damage.
The jackal closely misses you.
Your rat bites the endoplasm.
The jackal barely misses you.
You swap places.
Your bat hits the jackal but does no damage.
Your bat barely misses the jackal.
The jackal misses your bat. x2
Your rat bites the endoplasm.
The jackal misses your bat.
Your bat barely misses the jackal.
The jackal bites your bat but does no damage.
The jackal bites your bat.
Your rat bites the endoplasm.
Your bat hits the jackal but does no damage.
The jackal bites your bat but does no damage.
The endoplasm freezes your rat.
Your rat is frozen.
Your bat barely misses the jackal.
Your rat bites the endoplasm.
The endoplasm dies!
You have reached level 2!
Your bat hits the jackal but does no damage.
The jackal bites your bat.
Your bat dies!
Your bat's corpse disappears in a puff of smoke!
The jackal barely misses your rat. The jackal bites your rat.
Your rat dies!
Your rat's corpse disappears in a puff of smoke!
You aren't carrying any items that you can evoke.
It was a potion of mutation.
You feel extremely strange.
You feel insulated.
You feel robust.
You feel genetically stable. The jackal barely misses you.
You see here a +0 war axe.
The jackal bites you but does no damage.
The jackal barely misses you. The jackal barely misses you.
The jackal bites you.
* * * LOW HITPOINT WARNING * * *
The jackal bites you but does no damage.
The jackal completely misses you.
The jackal bites you but does no damage.
The jackal bites you.
You die...

#..........# #..........#
#..........# #..........#
#..........#
############..........#
###..........#..........#
.............#.h........#
..)..........g.h@.......#
#########.....###.#######
<≈≈≈≈≈≈≈#...### #.#
.≈≈≈≈≈≈≈#...# #.#
....≈≈≈≈#...# #.#
......≈≈#...# ##.#
.......≈#..## #..####
.......≈#..#####.###.#
##.8..###............#


You could see 2 jackals and a goblin.

Vanquished Creatures
  An endoplasm (D:1)
  A goblin (D:1)
  2 jackals (D:1)
  A ball python (D:1)
  A bat (D:1)
6 creatures vanquished.

Notes
Turn   | Place    | Note
-------+----------+-------------------------------------------
     0 | D:1      | jfcaron the Tengu Summoner began the quest for the Orb.
     0 | D:1      | Reached XP level 1. HP: 10/10 MP: 4/4
   270 | D:1      | HP: 2/10 [jackal (3)]
   277 | D:1      | Reached XP level 2. HP: 1/15 MP: 3/6
   279 | D:1      | Gained mutation: You are resistant to electric shocks.
                  | (rElec) [potion of mutation]
   279 | D:1      | Gained mutation: You are robust. (+10% HP) [potion of
                  | mutation]
   279 | D:1      | Gained mutation: You are somewhat resistant to further
                  | mutation. [potion of mutation]
   289 | D:1      | HP: 1/16 [jackal (1)]
   294 | D:1      | Slain by a jackal

Illustrated notes

Levels and vault maps discovered:
D:1:      lordsloth_arrival_two_stooges, layout_rooms

Action                   || total
-------------------------++-------
Melee: Dagger            ||     8
       Kick              ||     2
       Peck              ||     2
 Cast: Summon Small Mamm ||     6
  Use: Potion            ||     1
Armor: Robe              ||     7
Dodge: Dodged            ||    18
